 Dungeon Crawl Stone Soup version 0.27.1-33-g824d729ab1 (webtiles) character file.

Game seed: 10830355303887148783

83 zeram the Poker (level 4, -1/35 HPs)
             Began as a Merfolk Fighter on Dec 13, 2021.
             Slain by an orc (6 damage)
             ... on level 3 of the Dungeon.
             The game lasted 00:02:53 (2736 turns).

zeram the Poker (Merfolk Fighter)                   Turns: 2736, Time: 00:02:55

Health: -1/35      AC:  3    Str: 17    XL:     4   Next: 44%
Magic:  4/4        EV:  9    Int:  7    God:
Gold:   82         SH:  9    Dex: 13    Spells: 3/3 levels left

rFire    . . .     SeeInvis .   a - +0 trident
rCold    + . .     Faith    .   c - +0 kite shield
rNeg     . . .     Spirit   .   m - +0 robe {rC+}
rPois    .         Reflect  .   n - +0 helmet
rElec    .         Harm     .   (no cloak)
rCorr    .         Rampage  .   (no gloves)
Will     .....                  (no boots)
Stlth    +.........             (no amulet)
HPRegen  0.11/turn              (no ring)
MPRegen  0.09/turn              (no ring)

@: no status effects
A: (nimble swimmer 2), mertail
a: no special abilities


You were on level 3 of the Dungeon.
You visited 1 branch of the dungeon, and saw 4 of its levels.

You collected 152 gold pieces.
You spent 70 gold pieces at shops.

Inventory:

Hand Weapons
 a - a +0 trident (weapon)
Armour
 b - a +0 scale mail
 c - a +0 kite shield (worn)
 m - a +0 robe of cold resistance (worn)
 n - a +0 helmet (worn)
Scrolls
 e - a scroll of amnesia
 g - 2 scrolls of torment
Potions
 i - 2 potions of brilliance
 l - a potion of heal wounds {unknown}


   Skills:
 - Level 3.2 Fighting
 + Level 4.6 Polearms
 - Level 2.1 Armour
 + Level 0.6 Dodging
 * Level 4.3 Shields


You had 3 spell levels left.
You didn't know any spells.
Your spell library contained the following spells:

 Spells                   Type           Power      Damage    Failure   Level
 Gell's Gravitas          Tloc           0%         N/A       99%         3
 Teleport Other           Tloc           0%         N/A       99%         3
 Dispersal                Tloc           0%         N/A       100%        6


Dungeon Overview and Level Annotations

Branches:
Dungeon (4/15)
 Temple: D:4-7

Altars:
Cheibriados

Shops:
D:3 [*[


Innate Abilities, Weirdness & Mutations

((You are quick and stealthy near water. (Stealth+, EV+, Speed+++)))
Your lower body shifts to a powerful aquatic tail in water.


Message History

Found a rapier.
Found an escape hatch in the floor.
Found Rufet's Armour Emporium.
Found an escape hatch in the ceiling.
A quokka comes into view.
A quokka is nearby!
A quokka is nearby!
An orc priest comes into view.
It is wielding a +0 trident. 2 orcs come into view.
There is a stone staircase leading down here.
The orc shouts!
The orc priest shouts!
You puncture the quokka!
You kill the quokka!
You hear a shout!
You hit the orc.
The orc is heavily wounded.
The orc priest mumbles some strange prayers to Beogh against you.
Beogh smites you! The orc hits you with a +0 mace.
You hear a shout!
You are too injured to fight recklessly!
The orc priest begins to cast a cantrip, but forgets the words!
The orc closely misses you.
You climb downwards.
The orc wizard shouts!
The orc priest shouts!
The gnoll shouts!
The orc shouts!
The gnoll shouts!
The goblin shouts!
The gnoll shouts!
The orc shouts!
You hear a shout! x2; The orc shouts!
Found a whip, a scroll labelled HYHAGI WOCAT and a plate armour.
Found a stone staircase leading up.
There is a stone staircase leading up here.
The orc hits you with a +0 hand axe. You block the orc's attack.
You climb upwards.
There is a stone staircase leading down here.
Okay, then.
It was a potion of cancellation.
You feel magically purged.
The orc priest calls down the wrath of Beogh upon you.
Pain shoots through your body!
* * * LOW HITPOINT WARNING * * *
You block the orc's attack.
The dart slug bites you but does no damage.
The orc barely misses you. The orc hits you with a +0 war axe.
You die...

**** #..# #8.##*******
##*#....,,,,,,* ##.8.∩.8,*****,*
*** ##..##<.#****#*,*** *,, ****
#....)8.###...,,,,* *,* ,,,*
#.....†oo...#**,*,***,*
,,,*******#.....@.###.#,*,*,,,,,,
,,,,,,,..*#....woo.o..#,,,,,,,,,*
**,****#.##...........#.,,*,,,*,,
****,,,,........###.....,*,,,,,,,
,,**,,,*.#........'.....,,,,*,,,,
,,,*,,,,,#.......##.>...,,,,,,,,,
,,,******#.......##,,...*,***,,*,
,,**,,** #........#...(.*,*,,,,,,
+*+,,,,* #.###'##.#.....+,*,*****


You could see an orc priest, a dart slug and 4 orcs.

Vanquished Creatures
  A mummy (D:3)
  An adder (D:2)
  A worm (D:2)
  2 dart slugs
  A ball python (D:2)
  3 bats
  10 endoplasms
  A giant cockroach (D:1)
  6 goblins
  5 hobgoblins
  3 jackals (D:2)
  2 kobolds
  3 quokkas
  2 frilled lizards (D:1)
  6 rats
47 creatures vanquished.

Notes
Turn   | Place    | Note
-------+----------+-------------------------------------------
     0 | D:1      | zeram the Merfolk Fighter began the quest for the Orb.
     0 | D:1      | Reached XP level 1. HP: 18/18 MP: 1/1
   110 | D:1      | Reached XP level 2. HP: 24/24 MP: 2/2
   348 | D:1      | Reached XP level 3. HP: 29/29 MP: 3/3
   523 | D:1      | You fall into a shaft and drop 1 floor!
   806 | D:2      | HP: 1/29 [adder (3)]
  1632 | D:2      | Reached XP level 4. HP: 21/35 MP: 4/4
  1763 | D:3      | Found a snail-covered altar of Cheibriados.
  2226 | D:3      | Found Ytwub's Antique Armour Shop.
  2234 | D:3      | Bought an embroidered robe for 70 gold pieces
  2255 | D:3      | Found Basotax's Assorted Antiques.
  2726 | D:3      | Found Rufet's Armour Emporium.
  2736 | D:3      | Slain by an orc

Illustrated notes

Levels and vault maps discovered:
D:1:      dpeg_arrival_shelter, layout_rooms, minmay_bisected
D:2:      layout_basic
D:3:      minmay_bubble_buster, layout_basic, slow_altar_1, serial_shops,
          nicolae_shop_trees, shop, nicolae_lakefront_shop, shop,
          nicolae_shop_statue_plus
D:4:      layout_rooms, minmay_temple_entry_butterflies,
          ebering_ghost_reflecting_pool, uniq_eustachio, uniq_edmund

Skill      XL: |  1  2  3 |
---------------+----------+-----
Shields        | 4 |  4.3
Polearms       | 4 |  4.6
Fighting       | |  3.2
Armour         | |  2.1
Dodging        | |  0.6

Action                   |  1- 3 |  4- 6 || total
-------------------------+-------+-------++-------
Melee: Trident           |   115 |    29 ||   144
  Use: Potion            |     1 |     1 ||     2
       Scroll            |       |     6 ||     6
Armor: Scale mail        |    30 |       ||    30
       Robe              |       |     2 ||     2
Dodge: Dodged            |    37 |     2 ||    39
Block: Kite shield       |    38 |     9 ||    47
